 Dungeon Crawl Stone Soup version 0.27.0-1-g7a089689b8 (webtiles) character file.

Game seed: 4144232598287205476

9654 Sobieck the Grappler (level 11, -2/102 HPs)
             Began as a Troll Monk on Aug 4, 2021.
             Was a High Priest of Cheibriados.
             Slain by a skeletal warrior (10 damage)
             ... on level 10 of the Dungeon.
             The game lasted 00:18:08 (8838 turns).

Sobieck the Grappler (Troll Monk)                   Turns: 8838, Time: 00:18:08

Health: -2/102     AC:  8    Str: 37    XL:     11   Next: 25%
Magic:  17/17      EV: 13    Int: 19    God:    Cheibriados [*****.]
Gold:   289        SH:  5    Dex: 25    Spells: 10/10 levels left

rFire    . . .     SeeInvis .     - Unarmed
rCold    + . .     Faith    .   (no shield)
rNeg     . . .     Spirit   .   T - +0 acid dragon scales
rPois    .         Reflect  +   (helmet restricted)
rElec    .         Harm     .   (no cloak)
rCorr    +         Rampage  .   (gloves unavailable)
Will     .....                  (boots unavailable)
Stlth    ++........             N - amulet of reflection
HPRegen  1.27/turn              B - ring of protection from cold
MPRegen  0.15/turn              D - ring of resist corrosion

@: very slow
A: large, unfitting armour, claws 3, regeneration 1, shaggy fur 1, tough skin 1
a: Renounce Religion, Bend Time, Temporal Distortion, Slouch, Step From Time


You were on level 10 of the Dungeon.
You worshipped Cheibriados.
Cheibriados was extremely pleased with you.
You visited 1 branch of the dungeon, and saw 10 of its levels.

You collected 600 gold pieces.
You spent 311 gold pieces at shops.


Innate Abilities, Weirdness & Mutations

You are too large for most types of armour.
You have claws for hands.
Your natural rate of healing is unusually fast.
You are covered in fur. (AC +1)
You have tough skin. (AC +1)


   Skills:
 - Level 5.0 Fighting
 - Level 5.0 Dodging
 - Level 1.0 Stealth
 + Level 1.0 Shields
 + Level 12.0 Unarmed Combat
 + Level 9.9 Invocations


You had 10 spell levels left.
You didn't know any spells.
Your spell library contained the following spells:

 Spells                   Type           Power      Damage    Failure   Level
 Corpse Rot               Necr/Air       N/A        N/A       34%         2
 Dazzling Flash           Conj/Hex       0%         N/A       56%         3
 Dispel Undead            Necr           0%         3d6       93%         4
 Agony                    Necr           0%         N/A       100%        5
 Silence                  Hex/Air        0%         N/A       100%        5
 Death Channel            Necr           0%         N/A       100%        6

Inventory:

Hand Weapons
 b - a +1 hand crossbow {crossbow}
   (You took it off a kobold on level 7 of the Dungeon)
 c - a +4 falchion of freezing {long}
   (You took it off a wight on level 8 of the Dungeon)
 h - a +4 falchion {long}
   (You took it off a wight on level 8 of the Dungeon)
 y - a +3 vorpal flail {mace}
   (You took it off an orc on level 4 of the Dungeon)
 I - a +0 hunting sling {sling}
   (You took it off Joseph on level 7 of the Dungeon)
 O - a +0 short sword of electrocution {short}
   (You took it off a kobold on level 1 of the Dungeon)
 S - a +3 spear of freezing {polearm}
   (You took it off a wight on level 9 of the Dungeon)
Missiles
 i - 5 datura-tipped darts {throwing}
 l - 5 throwing nets {=f!fthrowing}
 p - 4 boomerangs (quivered) {throwing}
 q - 52 poisoned darts {throwing}
 r - 234 arrows
 z - 83 bolts
 A - 63 sling bullets
 F - 386 stones {throwing}
 G - 4 silver javelins {throwing}
Armour
 a - a +0 robe
 P - +0 steam dragon scales
   (You found it on level 8 of the Dungeon)
 T - +0 acid dragon scales (worn)
   (You found it on level 10 of the Dungeon)
 W - a +2 kite shield
   (You found it on level 10 of the Dungeon)
Magical Staves
 n - a staff of cold {!astaff}
   (You found it on level 3 of the Dungeon)
 E - a staff of poison {!astaff}
   (You took it off a wight on level 6 of the Dungeon)
 K - a staff of poison {!astaff}
   (You took it off an orc on level 8 of the Dungeon)
Jewellery
 B - a ring of protection from cold (left claw)
   (You found it on level 5 of the Dungeon)
 D - a ring of resist corrosion (right claw)
   (You found it on level 8 of the Dungeon)
 J - an amulet of magic regeneration {@e2}
   (You found it on level 8 of the Dungeon)
 N - an amulet of reflection (around neck)
   (You bought it in a shop on level 1 of the Dungeon)
 Q - an amulet of faith {!P}
   (You found it on level 9 of the Dungeon)
 V - a ring of ice
   (You took it off Fannar on level 10 of the Dungeon)
Wands
 s - a wand of flame (32)
   (You took it off Ijyb on level 4 of the Dungeon)
 v - a wand of mindburst (9)
   (You found it on level 4 of the Dungeon)
 L - a wand of acid (8)
   (You took it off an orc on level 8 of the Dungeon)
Scrolls
 d - 5 scrolls of teleportation {@r4}
 f - 7 scrolls of amnesia
 m - a scroll of holy word
 w - 3 scrolls of enchant armour
 x - 2 scrolls of torment {!r}
Potions
 e - 5 potions of curing {@q1}
 g - 2 potions of flight
 j - a potion of cancellation
 k - a potion of magic
 o - 4 potions of lignification {!q}
 t - 2 potions of resistance
 u - 2 potions of heal wounds {@q2}
 C - 3 potions of brilliance
 H - 2 potions of berserk rage {forbidden!q}
 M - a potion of might
 R - a potion of invisibility {unknown}
 U - a potion of ambrosia {unknown}

Dungeon Overview and Level Annotations

Branches:
Dungeon (10/15)            Temple (0/1) D:5            Lair (0/6) D:9
    Orc: D:9-12

Altars:
Cheibriados
Dithmenos
Fedhas
Hepliaklqana
Kikubaaqudgha
Makhleb
Okawaru
Sif Muna
Uskayaw
Xom

Shops:
D:1 *=(!   D:3 (   D:8 !

Annotations:
D:9 DIGGABLES

#.###.##
#.....## #....
###.#>.
########
.......#
.......#
.##..#..
.#####.# #..###
.#
#.#############
#..### .#
#..........@zz#
#..... .#
#.###########.#
##.####
.#####.# #.#
#...###
.......# #z#
#...##.
.####### ..#
#...##. )# ...#
#...##. .#
#...#
######...##. .#
##.##
#...........
.## ..
.>.........


You could see 2 skeletal warriors.


Message History

An orc priest comes into view. It is wielding a +0 hand axe.
Danger!
The orc priest shouts!
You hear a shout!
An orc wizard comes into view. It is wielding a +0 dagger.
An orc comes into view. It is wielding a +0 dagger.
The orc wizard hits you but does no damage.
The orc priest invokes the aid of Beogh against you.
You struggle to resist.
The orc wizard barely misses you.
You claw the orc wizard! You block the orc priest's attack.
The orc wizard hits you but does no damage.
You closely miss the orc wizard.
You claw the orc wizard, but do no damage.
The orc priest calls upon Beogh to heal the orc wizard.
The orc wizard is healed somewhat.
The orc wizard hits you with a +0 dagger.
You miss the orc wizard. You claw the orc wizard!
You kill the orc wizard!
Cheibriados appreciates the change of pace.
You closely miss the orc priest.
The orc priest hits you but does no damage.
You claw the orc priest!
You kill the orc priest!
Cheibriados thoroughly appreciates the change of pace.
The orc hits you but does no damage.
You mangle the orc!!
You kill the orc!
Cheibriados thoroughly appreciates the change of pace.
No target in view!
No target in view!
Items here: )) [[[ ††.
W - a +2 kite shield Unknown command.
Setting a skill training target for Shields at 9.0.
Okay, then.
Unknown command.
Things that are here:
a +0 hand axe {axe}; an orc corpse 2 skeletal warriors come into view.
Danger!
Unknown command.
The skeletal warrior hits you from afar with a +0 glaive!!
The skeletal warrior hits you from afar with a +0 glaive!!
Unknown command.
The skeletal warrior misses you.
The skeletal warrior hits you with a +0 glaive!
* * * LOW HITPOINT WARNING * * *
You claw the skeletal warrior! The skeletal warrior misses you.
You scratch the skeletal warrior but do no damage.
You closely miss the skeletal warrior.
The skeletal warrior hits you but does no damage.
You mangle the skeletal warrior!!
The skeletal warrior hits you but does no damage.
Unknown command.
You scratch the skeletal warrior but do no damage.
Your claw misses the skeletal warrior.
The skeletal warrior closely misses you.
You barely miss the skeletal warrior. You closely miss the skeletal warrior.
You block the skeletal warrior's attack.
You scratch the skeletal warrior. You claw the skeletal warrior.
The skeletal warrior hits you with a +0 glaive!
* * * LOW HITPOINT WARNING * * *
You claw the skeletal warrior!
The skeletal warrior hits you with a +0 glaive!!
* * * LOW HITPOINT WARNING * * *
You barely miss the skeletal warrior. You claw the skeletal warrior!
You destroy the skeletal warrior!
Cheibriados thoroughly appreciates the change of pace.
Your Shields skill increases to level 1!
You start resting.
You see here a +0 glaive {polearm}.
Danger!
A skeletal warrior comes into view. It is wielding a +0 flail.
The skeletal warrior hits you from afar with a +0 trident!
Unknown command.
The skeletal warrior barely misses you.
The skeletal warrior hits you from afar with a +0 trident.
The skeletal warrior hits you from afar with a +0 trident!
You see here a +0 glaive {polearm}.
The skeletal warrior hits you from afar with a +0 trident!
The skeletal warrior hits you with a +0 trident!!
* * * LOW HITPOINT WARNING * * *
You see here a +0 glaive {polearm}.
You scratch the skeletal warrior.
The skeletal warrior completely misses you.
You scratch the skeletal warrior but do no damage.
The skeletal warrior closely misses you.
The skeletal warrior hits you from afar with a +0 trident!
* * * LOW HITPOINT WARNING * * *
You claw the skeletal warrior!
You claw the skeletal warrior, but do no damage.
The skeletal warrior hits you with a +0 flail!
* * * LOW HITPOINT WARNING * * *
You claw the skeletal warrior! The skeletal warrior barely misses you.
The skeletal warrior hits you with a +0 flail!!
* * * LOW HITPOINT WARNING * * *
You scratch the skeletal warrior.
The skeletal warrior hits you but does no damage.
The skeletal warrior hits you with a +0 flail!
You die...

Skill      XL: |  1  2  3  4  5  6  7  8  9 10 11 |
---------------+----------------------------------+-----
Unarmed Combat | 4 5 6 8 9 10 11 12 | 12.0
Invocations    | 2 4 9 |  9.9
Fighting       | 3 5 |  5.0
Dodging        | 3 5 |  5.0
Shields        | 1 |  1.0
Stealth        | |  1.0

Action                   |  1- 3 |  4- 6 |  7- 9 | 10-12 || total
-------------------------+-------+-------+-------+-------++-------
Melee: Unarmed           |   110 |   102 |   164 |    80 ||   456
       Punch             |       |     5 |    12 |     7 ||    24
 Fire: Hand crossbow     |       |       |    25 |    34 ||    59
Throw: Stone             |    15 |    12 |       |       ||    27
Invok: Bend Time         |       |       |     1 |       ||     1
       Temporal Distorti |       |       |     1 |       ||     1
Evoke: Wand              |       |       |       |     4 ||     4
  Use: Scroll            |       |       |    15 |     2 ||    17
 Stab: Sleeping          |     1 |     2 |     5 |     1 ||     9
Armor: Robe              |    32 |    18 |    46 |       ||    96
       Steam dragon scal |       |       |       |     5 ||     5
       Acid dragon scale |       |       |       |     9 ||     9
Dodge: Dodged            |    49 |    47 |   100 |    33 ||   229
Block: Other             |       |       |       |    13 ||    13
       Reflection        |       |       |       |     1 ||     1

Levels and vault maps discovered:
D:1:      lemuel_arrival_lava_pool, layout_loops_ring, serial_shops,
          nicolae_lakefront_shop, shop, shop, shop, minivault_4
D:2:      layout_loops_corners
D:3:      layout_basic, chei_slow_surprise, mainiacjoe_overflow_alcove_4,
          dreamdust_ecumenical_altar_statues, serial_shops,
          nicolae_shop_statue_plus
D:4:      cheibrodos_old_hovel, layout_loops_cross, uniq_ijyb
D:5:      layout_loops_corners, minmay_temple_entry_sparse_star,
          minmay_misc_feat_rugged, palyth_stone_intersect,
          amcnicky_mini_pool_small, guppyfry_early_lair_pool
D:6:      layout_basic, chequers_temple_overflow_minitemple, uniq_sigmund,
          uniq_menkaure
D:7:      layout_loops_ring, lemuel_zombie_altar_kikubaaqudgha,
          mainiacjoe_overflow_tiny_flanked, uniq_joseph
D:8:      layout_loops_ring, serial_shops, nicolae_stop_n_shop_1
D:9:      layout_long_grid, nicolae_overflow_hidden_temple, lair_entry_dummy,
          hangedman_decor_clover_reticule, due_unseen_surprise
D:10:     layout_loops_cross, uniq_fannar, uniq_psyche, uniq_harold

Notes
Turn   | Place    | Note
-------+----------+-------------------------------------------
     0 | D:1      | Sobieck the Troll Monk began the quest for the Orb.
     0 | D:1      | Reached XP level 1. HP: 22/22 MP: 0/0
   126 | D:1      | Reached XP level 2. HP: 29/29 MP: 1/1
   347 | D:1      | Reached skill level 4 in Unarmed Combat
   413 | D:1      | Found Kint's Weapon Shoppe.
   442 | D:1      | Found Qomet's General Store.
   468 | D:1      | Found Naskizin's Jewellery Boutique.
   469 | D:1      | Found Docekeph's Distillery.
   486 | D:1      | Bought a potion of degeneration for 11 gold pieces
   541 | D:1      | Reached XP level 3. HP: 36/36 MP: 2/2
  1751 | D:3      | Reached XP level 4. HP: 44/44 MP: 3/3
  1772 | D:3      | Reached skill level 5 in Unarmed Combat
  1812 | D:3      | Found Idadesem's Weapon Boutique.
  1881 | D:3      | Found a snail-covered altar of Cheibriados.
  1887 | D:3      | Became a worshipper of Cheibriados the Contemplative
  1887 | D:3      | Reached * piety under Cheibriados
  1887 | D:3      | Reached ** piety under Cheibriados
  2080 | D:3      | Found a faded altar of an unknown god.
  2088 | D:3      | Reached XP level 5. HP: 46/50 MP: 4/4
  2093 | D:3      | Reached skill level 6 in Unarmed Combat
  2395 | D:3      | Found a hide-covered altar of Uskayaw.
  2538 | D:4      | Reached XP level 6. HP: 54/59 MP: 5/5
  2569 | D:4      | Reached skill level 7 in Unarmed Combat
  2680 | D:4      | You pick up a book of the Senses and begin reading...
  2680 | D:4      | You add the spells Dazzling Flash, Agony and Silence to
                  | your library.
  2734 | D:4      | Reached *** piety under Cheibriados
  2889 | D:4      | Noticed Ijyb
  2903 | D:4      | Reached skill level 8 in Unarmed Combat
  2903 | D:4      | Reached XP level 7. HP: 58/66 MP: 6/6
  2910 | D:4      | Killed Ijyb
  3327 | D:5      | Entered Level 5 of the Dungeon
  3351 | D:5      | Reached skill level 9 in Unarmed Combat
  3369 | D:5      | Found a staircase to the Ecumenical Temple.
  4313 | D:5      | Reached **** piety under Cheibriados
  4314 | D:5      | Reached XP level 8. HP: 49/74 MP: 7/7
  4372 | D:6      | Noticed Menkaure
  4378 | D:6      | HP: 13/74 [??? (10)]
  4379 | D:6      | Killed Menkaure
  4380 | D:6      | Reached skill level 10 in Unarmed Combat
  4385 | D:6      | Reached skill level 1 in Invocations
  4530 | D:6      | Reached skill level 3 in Fighting
  4548 | D:6      | Reached skill level 3 in Dodging
  4720 | D:6      | Noticed Sigmund
  4729 | D:6      | Killed Sigmund
  4730 | D:6      | Reached skill level 2 in Invocations
  4926 | D:6      | Found a hazy altar of Hepliaklqana.
  4926 | D:6      | Found a faded altar of an unknown god.
  4938 | D:6      | Found an iron altar of Okawaru.
  4942 | D:6      | Found a faded altar of an unknown god.
  4944 | D:6      | Found a shimmering blue altar of Sif Muna.
  5114 | D:7      | HP: 17/76 [centaur/arrow (10)]
  5227 | D:7      | Reached XP level 9. HP: 73/84 MP: 10/10
  5253 | D:7      | Reached skill level 3 in Invocations
  5318 | D:7      | Found a shadowy altar of Dithmenos.
  5386 | D:7      | Reached skill level 4 in Fighting
  5386 | D:7      | Reached skill level 4 in Dodging
  5602 | D:7      | Reached ***** piety under Cheibriados
  5688 | D:7      | Noticed Joseph
  5694 | D:7      | Killed Joseph
  5756 | D:7      | Found an ancient bone altar of Kikubaaqudgha.
  6176 | D:8      | Reached skill level 4 in Invocations
  6252 | D:8      | Noticed a two-headed ogre
  6255 | D:8      | Killed a two-headed ogre
  6256 | D:8      | Reached skill level 5 in Fighting
  6256 | D:8      | Reached skill level 5 in Dodging
  6256 | D:8      | Reached skill level 11 in Unarmed Combat
  6331 | D:8      | Reached XP level 10. HP: 93/96 MP: 12/12
  6372 | D:8      | Found Kumap's Distillery.
  6551 | D:1      | Bought an amulet of reflection for 300 gold pieces
  6875 | D:8      | Reached skill level 5 in Invocations
  7325 | D:9      | Noticed a manticore
  7334 | D:9      | Killed a manticore
  7425 | D:9      | Noticed a two-headed ogre
  7432 | D:9      | Killed a two-headed ogre
  7433 | D:9      | Reached skill level 6 in Invocations
  7514 | D:9      | Found a staircase to the Lair.
  7653 | D:9      | Noticed a two-headed ogre
  7657 | D:9      | Reached skill level 12 in Unarmed Combat
  7659 | D:9      | Killed a two-headed ogre
  7660 | D:9      | Reached skill level 7 in Invocations
  7838 | D:9      | Found a burning altar of Makhleb.
  7838 | D:9      | Found a shimmering altar of Xom.
  7839 | D:9      | Found a blossoming altar of Fedhas.
  7967 | D:10     | Entered Level 10 of the Dungeon
  7967 | D:10     | Noticed Psyche
  8119 | D:10     | Killed Psyche
  8125 | D:10     | You pick up a book of Decay and begin reading...
  8125 | D:10     | You add the spells Corpse Rot, Dispel Undead and Death
                  | Channel to your library.
  8193 | D:10     | Noticed Harold
  8201 | D:10     | Reached skill level 8 in Invocations
  8210 | D:10     | Killed Harold
  8218 | D:10     | Reached skill level 9 in Invocations
  8218 | D:10     | Reached XP level 11. HP: 52/102 MP: 16/16
  8411 | D:10     | Noticed Fannar
  8424 | D:10     | Killed Fannar
  8625 | D:10     | Noticed a two-headed ogre
  8632 | D:10     | Killed a two-headed ogre
  8749 | D:10     | Noticed a skeletal warrior
  8749 | D:10     | Noticed a skeletal warrior
  8763 | D:10     | HP: 25/102 [skeletal warrior[a skeletal warrior] (24)]
  8764 | D:10     | Killed a skeletal warrior
  8765 | D:10     | Reached skill level 1 in Shields
  8828 | D:10     | Noticed a skeletal warrior
  8836 | D:10     | HP: 25/102 [skeletal warrior (12)]
  8837 | D:10     | HP: 7/102 [skeletal warrior (19)]
  8838 | D:10     | Slain by a skeletal warrior

Vanquished Creatures
  Fannar (D:10)
  Harold (D:10)
  4 two-headed ogres
  A skeletal warrior (D:10)
  A manticore (D:9)
  Joseph (D:7)
  Psyche (D:10)
  Sigmund (D:6)
  4 yaks (D:10)
  2 steam dragons (D:8)
  Menkaure (D:6)
  An acid dragon (D:10)
  2 water moccasins
  An orc warrior (D:9)
  An ice beast (D:8)
  A sky beast (D:6)
  A black bear (D:7)
  4 centaurs
  2 phantoms
  3 kobold brigands
  3 bullfrogs
  3 scorpions
  A wyvern skeleton (D:7)
  3 killer bees (D:9)
  11 wights
  A centaur zombie (D:7)
  A jelly (D:4)
  3 hounds
  3 orc priests
  2 gnoll shamans
  2 iguanas (D:5)
  Ijyb (D:4)
  6 orc wizards
  2 hound skeletons
  A howler monkey zombie (D:8)
  4 adders
  6 gnolls
  2 white imps (D:7)
  An ufetubus (D:4)
  2 adder skeletons (D:4)
  A worm (D:3)
  A dart slug (D:1)
  19 orcs
  5 ball pythons
  5 bats
  7 endoplasms
  2 giant cockroaches
  7 goblins
  12 hobgoblins
  15 jackals
  4 quokkas
  2 frilled lizards (D:2)
  14 kobolds
  5 rats
  A rat zombie (D:7)
192 creatures vanquished.

Vanquished Creatures (others)
  2 plants (D:4)
2 creatures vanquished.

Grand Total: 194 creatures vanquished

Table legend:
 A = Non-vault XP
 B = Vault XP
 C = Vault XP percentage of total XP
 D = Non-vault monster count
 E = Vault monster count
 F = Vault count percentage of total count
                 A         B        C        D         E       F
            +---------+---------+-------+---------+---------+-------
      Total |   10526 |    3266 |  23.7 |     181 |      11 |   5.7
            +---------+---------+-------+---------+---------+-------
        D:1 |      50 |       0 |   0.0 |      27 |       0 |   0.0
        D:2 |      29 |       0 |   0.0 |      18 |       0 |   0.0
        D:3 |     193 |       5 |   2.5 |      21 |       1 |   4.5
        D:4 |     701 |      79 |  10.1 |      31 |       2 |   6.1
        D:5 |     394 |      13 |   3.2 |      12 |       1 |   7.7
        D:6 |     784 |     400 |  33.8 |      15 |       2 |  11.8
        D:7 |     917 |     446 |  32.7 |      20 |       2 |   9.1
        D:8 |    1837 |       0 |   0.0 |      13 |       0 |   0.0
        D:9 |    2887 |       0 |   0.0 |      14 |       0 |   0.0
       D:10 |    2734 |    2323 |  45.9 |      10 |       3 |  23.1
            +---------+---------+-------+---------+---------+-------

Illustrated notes

Table legend:
 A = Kills in this place as a percentage of kills in entire the game.
 B = Kills by you in this place as a percentage of kills by you in the entire game.
 C = Kills by friends in this place as a percentage of kills by friends in the entire game.
 D = Other kills in this place as a percentage of other kills in the entire game.
 E = Experience gained in this place as a percentage of experience gained in the entire game.
 F = Experience gained in this place divided by the number of levels of this place that you have seen.
                   A       B       C       D       E      F
               +-------+-------+-------+-------+-------+----------------------
         Total | 100.0 | 100.0 |   N/A |   N/A | 100.0 | 1379.2
       Dungeon | 100.0 | 100.0 |   N/A |   N/A | 100.0 | 1379.2
               +-------+-------+-------+-------+-------+----------------------

Table legend: (Time is in decaauts)
 A = Elapsed time spent in this place.
 B = Non-inter-level travel time spent in this place.
 C = Inter-level travel time spent in this place.
 D = Time resting spent in this place.
 E = Time spent auto-exploring this place.
 F = Levels seen in this place.
 G = Mean time per level.
                   A        B        C        D        E       F      G
               +--------+--------+--------+--------+--------+-----+--------+
         Total |  12692 |  11415 |   1277 |    720 |   9175 |  10 | 1269.2 |
       Dungeon |  12692 |  11415 |   1277 |    720 |   9175 |  10 | 1269.2 |
               +--------+--------+--------+--------+--------+-----+--------+

Top non-repeatable levels by time:
     D:7: 1599 daAuts
     D:9: 1580 daAuts
     D:5: 1546 daAuts
     D:4: 1452 daAuts
     D:6: 1288 daAuts
    D:10: 1120 daAuts
     D:3: 1107 daAuts
     D:8: 1105 daAuts
     D:1: 972 daAuts
     D:2: 919 daAuts
